Sabres vs BlackHawks

Created - February 17 2012 at 19:03

Goals
1 2 3 T
Sabres 1 1 0 2
BlackHawks 1 0 2 3
Shots
1 2 3 T
Sabres 6 5 20 31
BlackHawks 5 15 16 36

Period #1

1. Sabres , Marian Hossa 23 (Tyler Myers, Jordan Staal) at 11:25
2. BlackHawks , Jay McClement 4 (Sean Avery, Chris Campoli) at 18:47

Penalties :
Tyler Myers (BUF) for Roughing (Minor) at 0:59, Cody McCormick (CHI) for Fighting (Major) at 4:03, Chris Stewart (BUF) for Fighting (Major) at 4:03, Chris Stewart (BUF) for instigated a fight (Game Misconduct) at 4:03, Mattias Ohlund (CHI) for Roughing (Minor) at 14:04

Period #2

3. Sabres , Mike Knuble 15 (Trevor Daley, David Legwand) at 1:09

Penalties :
Henrik Zetterberg (BUF) for Slashing (Minor) at 5:29, Trevor Daley (BUF) for Hooking (Minor) at 7:33, Jay Bouwmeester (BUF) for Hooking (Minor) at 11:52, Jeff Schultz (BUF) for High sticking (Minor) at 13:56, Tyler Myers (BUF) for Interference (Minor) at 17:31, Jay Bouwmeester (BUF) for Hooking (Minor) at 19:58

Period #3

4. BlackHawks , Chris Neil 2 (Mattias Ohlund, P.K. Subban) at 2:28
5. BlackHawks , Sean Avery 12 (Chris Campoli, Jay McClement) at 9:49

Penalties :
Chris Campoli (CHI) for Roughing (Minor) at 9:58, Jeff Schultz (BUF) for Cross-checking (Minor) at 13:57, Mathieu Darche (CHI) for Holding (Minor) at 14:25, Tyler Kennedy (CHI) for Roughing (Minor) at 18:45

Goalie Stats

Devan Dubnyk (BUF), 33 saves from 36 shots - (0.917), L, 12-12-1, 59:04 minutes
Jose Theodore (CHI), 29 saves from 31 shots - (0.935), W, 15-13-3, 60:00 minutes

Players Stats

Sabres
Player Name              G  A  P  +/- PIM S  H  SB FO    MP 
------------------------------------------------------------
Brad Stuart              0  0  0   0  0   1  0  2  0/0   19 
Brett Sterling           0  0  0  -2  0   0  0  0  1/1   7  
Chris Stewart            0  0  0   0  17  0  0  0  0/0   1  
Christian Ehrhoff        0  0  0   1  0   3  0  0  0/0   20 
Dan Cleary               0  0  0   0  0   4  0  0  0/1   14 
David Legwand            0  1  1   0  0   0  0  0  7/14  16 
Henrik Zetterberg        0  0  0   0  2   5  1  0  12/21 22 
Jay Bouwmeester          0  0  0  -2  4   1  2  1  0/0   24 
Jeff Schultz             0  0  0  -2  4   0  0  1  0/0   5  
Jordan Staal             0  1  1   1  0   4  0  0  19/30 18 
Karl Alzner              0  0  0   0  0   0  2  0  0/0   14 
Marian Hossa             1  0  1   1  0   3  1  0  1/1   21 
Mike Knuble              1  0  1  -2  0   6  0  0  1/1   18 
Mike Richards            0  0  0   0  0   1  2  1  7/15  19 
Ryan Carter              0  0  0  -2  0   0  0  0  2/7   4  
Trevor Daley             0  1  1   0  2   1  0  0  0/0   17 
Tuomo Ruutu              0  0  0   1  0   1  1  0  1/1   21 
Tyler Myers              0  1  1   1  4   1  4  1  0/0   21 
BlackHawks
Player Name              G  A  P  +/- PIM S  H  SB FO    MP 
------------------------------------------------------------
Anton Babchuk            0  0  0  -1  0   1  0  0  0/0   21 
Bryan Little             0  0  0  -1  0   7  1  0  11/28 19 
Chris Campoli            0  2  2   2  2   2  3  0  0/0   20 
Chris Neil               1  0  1   0  0   2  0  0  0/0   7  
Cody McCormick           0  0  0   2  5   1  0  0  1/2   13 
Daniel Paille            0  0  0   0  0   0  0  0  0/0   6  
Darren Helm              0  0  0   0  0   0  2  1  1/4   18 
Jay McClement            1  1  2   2  0   2  0  0  14/23 15 
Joe Thornton             0  0  0   0  0   3  0  1  11/24 21 
Mark Eaton               0  0  0   2  0   0  0  1  0/0   17 
Mathieu Darche           0  0  0  -1  2   3  1  0  0/0   18 
Mats Zuccarello          0  0  0  -1  0   4  5  0  0/0   19 
Mattias Ohlund           0  1  1   0  2   0  1  0  0/0   18 
P.K. Subban              0  1  1   0  0   2  0  0  0/0   23 
Ron Hainsey              0  0  0  -1  0   3  0  0  0/0   19 
Samuel Pahlsson          0  0  0   0  0   0  0  0  2/7   10 
Sean Avery               1  1  2   2  0   2  1  1  0/3   13 
Tyler Kennedy            0  0  0   0  2   4  1  0  1/1   17 

3 Stars

1 - Sean Avery (CHI)
2 - Jay McClement (CHI)
3 - Chris Campoli (CHI)

Power Play

Sabres - 0 on 4 Attempt(s) - 0.00%
BlackHawks - 0 on 9 Attempt(s) - 0.00%

Penalty Kill

Sabres - 9 on 9 Attempt(s) - 100.00% - Score 0 goal in Penalty Kill
BlackHawks - 4 on 4 Attempt(s) - 100.00% - Score 0 goal in Penalty Kill

Game Notes

Chris Stewart beats up Cody McCormick at 4:03 of 1st period
Chris Stewart ejected from game at 4:03 of 1st period

Finance

Level 1 -- Attendance: 5849 (89.98%) -- Ticket Income $497,165.00
Level 2 -- Attendance: 4160 (83.20%) -- Ticket Income $228,800.00
Level 3 -- Attendance: 3177 (90.77%) -- Ticket Income $95,310.00
Level 4 -- Attendance: 2519 (55.98%) -- Ticket Income $50,380.00
Luxury Box -- Attendance: 1000 (100.00%) -- Ticket Income $175,000.00
Game was played at the United Center
Total Attendance: 16705 (81.49%)
Total Ticket Income: $1,082,178.00
Other Income: $188,670.60
Total Income: $1,270,849.00


Play by Play

Period #1

0:01 of 1st period - Henrik Zetterberg wins face-off versus Joe Thornton in neutral zone.
0:19 of 1st period - Shot by Henrik Zetterberg.
0:19 of 1st period - Stopped by Jose Theodore without a rebound.
0:20 of 1st period - Jordan Staal wins face-off versus Bryan Little in BlackHawks zone.
0:25 of 1st period - Shot by Tuomo Ruutu.
0:25 of 1st period - Shot Misses the Net.
0:59 of 1st period - Minor Penalty to Tyler Myers for Roughing.
1:00 of 1st period - Henrik Zetterberg wins face-off versus Joe Thornton in Sabres zone.
2:15 of 1st period - Shot by Henrik Zetterberg.
2:15 of 1st period - Shot Hit the Post.
3:00 of 1st period - Shot by Mats Zuccarello.
3:00 of 1st period - Shot Misses the Net.
3:04 of 1st period - Shot by Mark Eaton.
3:04 of 1st period - Shot Hit the Post.
3:06 of 1st period - Shot by Mark Eaton.
3:06 of 1st period - Shot Misses the Net.
3:08 of 1st period - Shot by Mark Eaton.
3:08 of 1st period - Shot Misses the Net.
3:59 of 1st period - Cody McCormick is hit by Jay Bouwmeester and loses puck.
4:03 of 1st period - Chris Stewart beats up Cody McCormick.
4:03 of 1st period - Penalty to Cody McCormick for Fighting.
4:03 of 1st period - Penalty to Chris Stewart for Fighting.
4:03 of 1st period - Penalty to Chris Stewart for instigated a fight.
4:03 of 1st period - Chris Stewart is ejected from game.
4:04 of 1st period - Henrik Zetterberg wins face-off versus Bryan Little in Sabres zone.
4:17 of 1st period - Shot by Joe Thornton.
4:17 of 1st period - Shot Blocked by Brad Stuart.
4:19 of 1st period - Shot by Ron Hainsey.
4:19 of 1st period - Stopped by Devan Dubnyk without a rebound.
4:20 of 1st period - Mike Richards wins face-off versus Bryan Little in Sabres zone.
6:04 of 1st period - Icing by Ron Hainsey.
6:05 of 1st period - David Legwand wins face-off versus Jay McClement in BlackHawks zone.
7:43 of 1st period - Shot by Mathieu Darche.
7:43 of 1st period - Deflect By Bryan Little.
7:43 of 1st period - Stopped by Devan Dubnyk with a rebound.
7:47 of 1st period - Shot by Mats Zuccarello.
7:47 of 1st period - Deflect By Bryan Little.
7:47 of 1st period - Stopped by Devan Dubnyk with a rebound.
8:44 of 1st period - Shot by Henrik Zetterberg.
8:44 of 1st period - Stopped by Jose Theodore without a rebound.
8:45 of 1st period - Jordan Staal wins face-off versus Joe Thornton in BlackHawks zone.
9:08 of 1st period - Shot by Tyler Myers.
9:08 of 1st period - Shot Misses the Net.
9:14 of 1st period - Shot by Tuomo Ruutu.
9:14 of 1st period - Shot Blocked by Darren Helm.
9:29 of 1st period - Icing by Jay Bouwmeester.
9:30 of 1st period - Bryan Little wins face-off versus Jordan Staal in Sabres zone.
9:35 of 1st period - Shot by Mats Zuccarello.
9:35 of 1st period - Stopped by Devan Dubnyk without a rebound.
9:36 of 1st period - Henrik Zetterberg wins face-off versus Bryan Little in Sabres zone.
10:12 of 1st period - Shot by Marian Hossa.
10:12 of 1st period - Stopped by Jose Theodore without a rebound.
10:13 of 1st period - Jordan Staal wins face-off versus Jay McClement in BlackHawks zone.
10:13 of 1st period - Tuomo Ruutu is hit by Chris Campoli and loses puck.
10:26 of 1st period - Shot by Tuomo Ruutu.
10:26 of 1st period - Stopped by Jose Theodore without a rebound.
10:27 of 1st period - Samuel Pahlsson wins face-off versus Ryan Carter in BlackHawks zone.
10:27 of 1st period - Samuel Pahlsson is hit by Mike Richards.
11:21 of 1st period - Shot by Marian Hossa.
11:21 of 1st period - Shot Misses the Net.
11:25 of 1st period - Shot by Marian Hossa.
11:25 of 1st period - Goal by Marian Hossa - Sabres : 1 - BlackHawks : 0.
11:26 of 1st period - Jay McClement wins face-off versus Henrik Zetterberg in neutral zone.
11:28 of 1st period - Off-side.
11:29 of 1st period - Jay McClement wins face-off versus Jordan Staal in neutral zone.
12:19 of 1st period - Icing by Jay Bouwmeester.
12:20 of 1st period - Bryan Little wins face-off versus Jordan Staal in Sabres zone.
12:20 of 1st period - Mats Zuccarello is hit by Tyler Myers and loses puck.
12:24 of 1st period - Icing by Tyler Myers.
12:25 of 1st period - Jordan Staal wins face-off versus Bryan Little in Sabres zone.
12:57 of 1st period - Shot by Dan Cleary.
12:57 of 1st period - Shot Misses the Net.
14:04 of 1st period - Minor Penalty to Mattias Ohlund for Roughing.
14:05 of 1st period - Henrik Zetterberg wins face-off versus Jay McClement in BlackHawks zone.
14:55 of 1st period - Icing by Jay Bouwmeester.
14:56 of 1st period - Jordan Staal wins face-off versus Darren Helm in Sabres zone.
15:24 of 1st period - Icing by Mike Richards.
15:25 of 1st period - Darren Helm wins face-off versus Henrik Zetterberg in Sabres zone.
16:08 of 1st period - Shot by Dan Cleary.
16:08 of 1st period - Shot Misses the Net.
16:12 of 1st period - Shot by Mike Knuble.
16:12 of 1st period - Shot Misses the Net.
16:24 of 1st period - Karl Alzner is hit by Mathieu Darche and loses puck.
16:37 of 1st period - Shot by Dan Cleary.
16:37 of 1st period - Stopped by Jose Theodore without a rebound.
16:38 of 1st period - Jordan Staal wins face-off versus Samuel Pahlsson in BlackHawks zone.
16:38 of 1st period - Jordan Staal is hit by Mattias Ohlund.
17:04 of 1st period - Shot by P.K. Subban.
17:04 of 1st period - Shot Misses the Net.
17:08 of 1st period - Shot by P.K. Subban.
17:08 of 1st period - Shot Blocked by Tyler Myers.
17:45 of 1st period - Icing by Tyler Myers.
17:46 of 1st period - Bryan Little wins face-off versus Jordan Staal in Sabres zone.
18:47 of 1st period - Shot by Jay McClement.
18:47 of 1st period - Goal by Jay McClement - Sabres : 1 - BlackHawks : 1.
18:48 of 1st period - Brett Sterling wins face-off versus Joe Thornton in neutral zone.

Period #2

0:01 of 2nd period - Henrik Zetterberg wins face-off versus Joe Thornton in neutral zone.
0:26 of 2nd period - Shot by Marian Hossa.
0:26 of 2nd period - Shot Misses the Net.
0:51 of 2nd period - Icing by Mattias Ohlund.
0:52 of 2nd period - Jordan Staal wins face-off versus Joe Thornton in BlackHawks zone.
0:55 of 2nd period - Shot by Marian Hossa.
0:55 of 2nd period - Stopped by Jose Theodore without a rebound.
0:56 of 2nd period - Mike Knuble wins face-off versus Bryan Little in BlackHawks zone.
1:05 of 2nd period - Shot by Trevor Daley.
1:05 of 2nd period - Shot Misses the Net.
1:09 of 2nd period - Shot by Mike Knuble.
1:09 of 2nd period - Goal by Mike Knuble - Sabres : 2 - BlackHawks : 1.
1:10 of 2nd period - Jordan Staal wins face-off versus Jay McClement in neutral zone.
1:24 of 2nd period - Off-side.
1:25 of 2nd period - David Legwand wins face-off versus Bryan Little in neutral zone.
1:29 of 2nd period - Trevor Daley is hit by Mats Zuccarello and loses puck.
1:44 of 2nd period - Shot by Mats Zuccarello.
1:44 of 2nd period - Stopped by Devan Dubnyk with a rebound.
1:48 of 2nd period - Shot by Bryan Little.
1:48 of 2nd period - Deflect By Mats Zuccarello.
1:48 of 2nd period - Shot Misses the Net.
1:50 of 2nd period - Shot by Mathieu Darche.
1:50 of 2nd period - Stopped by Devan Dubnyk without a rebound.
1:51 of 2nd period - Jay McClement wins face-off versus Jordan Staal in Sabres zone.
1:54 of 2nd period - Shot by Sean Avery.
1:54 of 2nd period - Stopped by Devan Dubnyk with a rebound.
1:56 of 2nd period - Shot by Cody McCormick.
1:56 of 2nd period - Shot Misses the Net.
2:06 of 2nd period - Jay McClement is hit by Tyler Myers and loses puck.
2:46 of 2nd period - Jordan Staal is hit by Darren Helm and loses puck.
2:57 of 2nd period - Shot by Tyler Kennedy.
2:57 of 2nd period - Stopped by Devan Dubnyk with a rebound.
2:59 of 2nd period - Shot by P.K. Subban.
2:59 of 2nd period - Shot Misses the Net.
3:01 of 2nd period - Shot by Joe Thornton.
3:01 of 2nd period - Shot Misses the Net.
3:03 of 2nd period - Shot by Darren Helm.
3:03 of 2nd period - Shot Misses the Net.
3:07 of 2nd period - Shot by Tyler Kennedy.
3:07 of 2nd period - Stopped by Devan Dubnyk without a rebound.
3:08 of 2nd period - Bryan Little wins face-off versus David Legwand in Sabres zone.
3:34 of 2nd period - Shot by Mike Knuble.
3:34 of 2nd period - Shot Misses the Net.
4:34 of 2nd period - Shot by Joe Thornton.
4:34 of 2nd period - Shot Misses the Net.
4:36 of 2nd period - Shot by Darren Helm.
4:36 of 2nd period - Shot Blocked by Mike Richards.
4:38 of 2nd period - Shot by Joe Thornton.
4:38 of 2nd period - Deflect By Tyler Kennedy.
4:38 of 2nd period - Stopped by Devan Dubnyk without a rebound.
4:39 of 2nd period - Ryan Carter wins face-off versus Jay McClement in Sabres zone.
5:29 of 2nd period - Minor Penalty to Henrik Zetterberg for Slashing.
5:30 of 2nd period - Joe Thornton wins face-off versus Mike Richards in Sabres zone.
5:58 of 2nd period - Shot by Joe Thornton.
5:58 of 2nd period - Stopped by Devan Dubnyk without a rebound.
5:59 of 2nd period - Jordan Staal wins face-off versus Bryan Little in Sabres zone.
6:04 of 2nd period - Bryan Little is hit by Marian Hossa.
6:10 of 2nd period - Shot by Mats Zuccarello.
6:10 of 2nd period - Shot Misses the Net.
6:12 of 2nd period - Shot by Mathieu Darche.
6:12 of 2nd period - Stopped by Devan Dubnyk without a rebound.
6:13 of 2nd period - Bryan Little wins face-off versus Mike Richards in Sabres zone.
7:33 of 2nd period - Minor Penalty to Trevor Daley for Hooking.
7:34 of 2nd period - Bryan Little wins face-off versus Henrik Zetterberg in Sabres zone.
7:39 of 2nd period - Shot by Ron Hainsey.
7:39 of 2nd period - Stopped by Devan Dubnyk with a rebound.
7:41 of 2nd period - Shot by Mathieu Darche.
7:41 of 2nd period - Deflect By Bryan Little.
7:41 of 2nd period - Stopped by Devan Dubnyk without a rebound.
7:42 of 2nd period - Bryan Little wins face-off versus Mike Richards in Sabres zone.
7:43 of 2nd period - Shot by Mats Zuccarello.
7:43 of 2nd period - Shot Blocked by Jay Bouwmeester.
7:59 of 2nd period - Shot by Bryan Little.
7:59 of 2nd period - Shot Misses the Net.
9:20 of 2nd period - Mark Eaton is hit by Tyler Myers and loses puck.
10:44 of 2nd period - Icing by Sean Avery.
10:45 of 2nd period - Jordan Staal wins face-off versus Cody McCormick in BlackHawks zone.
11:16 of 2nd period - Shot by Jordan Staal.
11:16 of 2nd period - Shot Misses the Net.
11:51 of 2nd period - Shot by Joe Thornton.
11:51 of 2nd period - Shot Misses the Net.
11:52 of 2nd period - Minor Penalty to Jay Bouwmeester for Hooking.
11:53 of 2nd period - Mike Richards wins face-off versus Joe Thornton in Sabres zone.
12:32 of 2nd period - Shot by Ron Hainsey.
12:32 of 2nd period - Stopped by Devan Dubnyk with a rebound.
12:56 of 2nd period - Shot by Mats Zuccarello.
12:56 of 2nd period - Stopped by Devan Dubnyk without a rebound.
12:57 of 2nd period - Mike Richards wins face-off versus Joe Thornton in Sabres zone.
13:20 of 2nd period - Shot by Joe Thornton.
13:20 of 2nd period - Stopped by Devan Dubnyk without a rebound.
13:21 of 2nd period - Henrik Zetterberg wins face-off versus Samuel Pahlsson in Sabres zone.
13:56 of 2nd period - Minor Penalty to Jeff Schultz for High sticking.
13:57 of 2nd period - Joe Thornton wins face-off versus Mike Richards in Sabres zone.
14:11 of 2nd period - Icing by Anton Babchuk.
14:12 of 2nd period - Joe Thornton wins face-off versus Jordan Staal in BlackHawks zone.
15:41 of 2nd period - Shot by Christian Ehrhoff.
15:41 of 2nd period - Stopped by Jose Theodore with a rebound.
15:45 of 2nd period - Shot by Henrik Zetterberg.
15:45 of 2nd period - Shot Misses the Net.
15:47 of 2nd period - Shot by Jordan Staal.
15:47 of 2nd period - Stopped by Jose Theodore without a rebound.
15:48 of 2nd period - Mike Richards wins face-off versus Samuel Pahlsson in BlackHawks zone.
16:09 of 2nd period - Shot by Mike Knuble.
16:09 of 2nd period - Stopped by Jose Theodore without a rebound.
16:10 of 2nd period - David Legwand wins face-off versus Sean Avery in BlackHawks zone.
16:53 of 2nd period - Icing by Cody McCormick.
16:54 of 2nd period - Cody McCormick wins face-off versus Jordan Staal in BlackHawks zone.
16:54 of 2nd period - Cody McCormick is hit by Tuomo Ruutu.
17:19 of 2nd period - Daniel Paille is hit by Tyler Myers and loses puck.
17:31 of 2nd period - Minor Penalty to Tyler Myers for Interference.
17:32 of 2nd period - Joe Thornton wins face-off versus Mike Richards in Sabres zone.
18:00 of 2nd period - Shot by Darren Helm.
18:00 of 2nd period - Shot Misses the Net.
18:02 of 2nd period - Shot by Anton Babchuk.
18:02 of 2nd period - Shot Blocked by Brad Stuart.
18:04 of 2nd period - Shot by P.K. Subban.
18:04 of 2nd period - Shot Misses the Net.
18:32 of 2nd period - Jordan Staal is hit by Mats Zuccarello.
18:45 of 2nd period - Brad Stuart is hit by Mats Zuccarello and loses puck.
19:08 of 2nd period - Shot by Tyler Kennedy.
19:08 of 2nd period - Deflect By Joe Thornton.
19:08 of 2nd period - Shot Misses the Net.
19:10 of 2nd period - Shot by Darren Helm.
19:10 of 2nd period - Shot Misses the Net.
19:14 of 2nd period - Shot by Anton Babchuk.
19:14 of 2nd period - Stopped by Devan Dubnyk without a rebound.
19:15 of 2nd period - Mike Richards wins face-off versus Bryan Little in Sabres zone.
19:39 of 2nd period - Sean Avery is hit by Karl Alzner and loses puck.
19:47 of 2nd period - Shot by Sean Avery.
19:47 of 2nd period - Shot Misses the Net.
19:51 of 2nd period - Shot by Cody McCormick.
19:51 of 2nd period - Shot Misses the Net.
19:53 of 2nd period - Shot by Cody McCormick.
19:53 of 2nd period - Stopped by Devan Dubnyk without a rebound.
19:54 of 2nd period - Samuel Pahlsson wins face-off versus Ryan Carter in Sabres zone.
19:58 of 2nd period - Minor Penalty to Jay Bouwmeester for Hooking.
19:59 of 2nd period - Joe Thornton wins face-off versus Mike Richards in Sabres zone.

Period #3

0:01 of 3rd period - Henrik Zetterberg wins face-off versus Joe Thornton in neutral zone.
1:12 of 3rd period - Shot by Chris Campoli.
1:12 of 3rd period - Shot Misses the Net.
1:14 of 3rd period - Shot by Bryan Little.
1:14 of 3rd period - Stopped by Devan Dubnyk with a rebound.
1:16 of 3rd period - Shot by Mathieu Darche.
1:16 of 3rd period - Stopped by Devan Dubnyk without a rebound.
1:17 of 3rd period - Mike Richards wins face-off versus Bryan Little in Sabres zone.
1:17 of 3rd period - Mike Richards is hit by Mats Zuccarello.
1:38 of 3rd period - Shot by Bryan Little.
1:38 of 3rd period - Stopped by Devan Dubnyk without a rebound.
1:39 of 3rd period - Henrik Zetterberg wins face-off versus Joe Thornton in Sabres zone.
2:14 of 3rd period - Shot by Chris Neil.
2:14 of 3rd period - Shot Misses the Net.
2:18 of 3rd period - Shot by Chris Neil.
2:18 of 3rd period - Shot Misses the Net.
2:22 of 3rd period - Shot by Daniel Paille.
2:22 of 3rd period - Shot Blocked by Jeff Schultz.
2:26 of 3rd period - Shot by Mattias Ohlund.
2:26 of 3rd period - Shot Misses the Net.
2:28 of 3rd period - Shot by Chris Neil.
2:28 of 3rd period - Goal by Chris Neil - Sabres : 2 - BlackHawks : 2.
2:29 of 3rd period - Jay McClement wins face-off versus David Legwand in neutral zone.
2:39 of 3rd period - Shot by Dan Cleary.
2:39 of 3rd period - Stopped by Jose Theodore without a rebound.
2:40 of 3rd period - Henrik Zetterberg wins face-off versus Bryan Little in BlackHawks zone.
2:59 of 3rd period - Shot by Henrik Zetterberg.
2:59 of 3rd period - Stopped by Jose Theodore without a rebound.
3:00 of 3rd period - Jordan Staal wins face-off versus Jay McClement in BlackHawks zone.
3:00 of 3rd period - Henrik Zetterberg is hit by Chris Campoli.
3:06 of 3rd period - Shot by Tuomo Ruutu.
3:06 of 3rd period - Shot Blocked by Mark Eaton.
3:10 of 3rd period - Shot by Jordan Staal.
3:10 of 3rd period - Stopped by Jose Theodore without a rebound.
3:11 of 3rd period - Tyler Kennedy wins face-off versus David Legwand in BlackHawks zone.
3:18 of 3rd period - Shot by Dan Cleary.
3:18 of 3rd period - Stopped by Jose Theodore without a rebound.
3:19 of 3rd period - Jay McClement wins face-off versus Jordan Staal in BlackHawks zone.
3:28 of 3rd period - Shot by Jordan Staal.
3:28 of 3rd period - Stopped by Jose Theodore without a rebound.
3:29 of 3rd period - Bryan Little wins face-off versus Dan Cleary in BlackHawks zone.
3:42 of 3rd period - Icing by Mats Zuccarello.
3:43 of 3rd period - Jordan Staal wins face-off versus Bryan Little in BlackHawks zone.
4:35 of 3rd period - Off-side.
4:36 of 3rd period - Jay McClement wins face-off versus David Legwand in neutral zone.
4:44 of 3rd period - Sean Avery is hit by Karl Alzner and loses puck.
4:49 of 3rd period - Shot by Chris Campoli.
4:49 of 3rd period - Stopped by Devan Dubnyk without a rebound.
4:50 of 3rd period - Joe Thornton wins face-off versus Ryan Carter in Sabres zone.
5:02 of 3rd period - Jeff Schultz is hit by Darren Helm and loses puck.
5:23 of 3rd period - Shot by Mike Knuble.
5:23 of 3rd period - Stopped by Jose Theodore without a rebound.
5:24 of 3rd period - Jay McClement wins face-off versus Henrik Zetterberg in BlackHawks zone.
5:37 of 3rd period - Icing by Mark Eaton.
5:38 of 3rd period - Jay McClement wins face-off versus David Legwand in BlackHawks zone.
6:29 of 3rd period - Icing by Mark Eaton.
6:30 of 3rd period - Jay McClement wins face-off versus Henrik Zetterberg in BlackHawks zone.
6:52 of 3rd period - Shot by P.K. Subban.
6:52 of 3rd period - Stopped by Devan Dubnyk without a rebound.
6:53 of 3rd period - Jordan Staal wins face-off versus Bryan Little in Sabres zone.
7:00 of 3rd period - Shot by Mathieu Darche.
7:00 of 3rd period - Deflect By Bryan Little.
7:00 of 3rd period - Shot Hit the Post.
7:02 of 3rd period - Shot by Mathieu Darche.
7:02 of 3rd period - Shot Misses the Net.
7:04 of 3rd period - Shot by Mathieu Darche.
7:04 of 3rd period - Shot Misses the Net.
7:06 of 3rd period - Shot by Mats Zuccarello.
7:06 of 3rd period - Stopped by Devan Dubnyk without a rebound.
7:07 of 3rd period - Jordan Staal wins face-off versus Samuel Pahlsson in Sabres zone.
7:43 of 3rd period - Shot by Chris Neil.
7:43 of 3rd period - Stopped by Devan Dubnyk without a rebound.
7:44 of 3rd period - David Legwand wins face-off versus Bryan Little in Sabres zone.
7:51 of 3rd period - Shot by Dan Cleary.
7:51 of 3rd period - Shot Misses the Net.
7:53 of 3rd period - Shot by Mike Knuble.
7:53 of 3rd period - Stopped by Jose Theodore without a rebound.
7:54 of 3rd period - Bryan Little wins face-off versus Henrik Zetterberg in BlackHawks zone.
8:25 of 3rd period - Shot by Mike Richards.
8:25 of 3rd period - Stopped by Jose Theodore without a rebound.
8:26 of 3rd period - Jay McClement wins face-off versus David Legwand in BlackHawks zone.
8:35 of 3rd period - Shot by Jay McClement.
8:35 of 3rd period - Shot Misses the Net.
8:40 of 3rd period - David Legwand is hit by Chris Campoli and loses puck.
8:43 of 3rd period - Shot by Mike Knuble.
8:43 of 3rd period - Stopped by Jose Theodore with a rebound.
8:51 of 3rd period - Shot by Mike Knuble.
8:51 of 3rd period - Shot Misses the Net.
8:53 of 3rd period - Shot by Trevor Daley.
8:53 of 3rd period - Stopped by Jose Theodore without a rebound.
8:54 of 3rd period - Jordan Staal wins face-off versus Joe Thornton in BlackHawks zone.
9:14 of 3rd period - Shot by Tyler Kennedy.
9:14 of 3rd period - Shot Misses the Net.
9:18 of 3rd period - Shot by Joe Thornton.
9:18 of 3rd period - Stopped by Devan Dubnyk with a rebound.
9:24 of 3rd period - Shot by Joe Thornton.
9:24 of 3rd period - Shot Misses the Net.
9:26 of 3rd period - Shot by Tyler Kennedy.
9:26 of 3rd period - Stopped by Devan Dubnyk with a rebound.
9:28 of 3rd period - Shot by P.K. Subban.
9:28 of 3rd period - Stopped by Devan Dubnyk without a rebound.
9:29 of 3rd period - David Legwand wins face-off versus Bryan Little in Sabres zone.
9:29 of 3rd period - David Legwand is hit by Mats Zuccarello.
9:45 of 3rd period - Shot by Bryan Little.
9:45 of 3rd period - Stopped by Devan Dubnyk without a rebound.
9:46 of 3rd period - Jay McClement wins face-off versus Ryan Carter in Sabres zone.
9:49 of 3rd period - Shot by Sean Avery.
9:49 of 3rd period - Goal by Sean Avery - Sabres : 2 - BlackHawks : 3.
9:50 of 3rd period - Henrik Zetterberg wins face-off versus Jay McClement in neutral zone.
9:50 of 3rd period - Henrik Zetterberg is hit by Sean Avery.
9:58 of 3rd period - Minor Penalty to Chris Campoli for Roughing.
9:59 of 3rd period - Jordan Staal wins face-off versus Jay McClement in BlackHawks zone.
10:27 of 3rd period - Icing by Henrik Zetterberg.
10:28 of 3rd period - Jay McClement wins face-off versus Jordan Staal in Sabres zone.
10:41 of 3rd period - Shot by Jay McClement.
10:41 of 3rd period - Stopped by Devan Dubnyk without a rebound.
10:42 of 3rd period - David Legwand wins face-off versus Darren Helm in Sabres zone.
11:01 of 3rd period - Shot by Brad Stuart.
11:01 of 3rd period - Stopped by Jose Theodore with a rebound.
11:55 of 3rd period - Shot by Tyler Myers.
11:55 of 3rd period - Stopped by Jose Theodore without a rebound.
11:56 of 3rd period - Jay McClement wins face-off versus Henrik Zetterberg in BlackHawks zone.
12:27 of 3rd period - Shot by Mathieu Darche.
12:27 of 3rd period - Shot Misses the Net.
12:53 of 3rd period - Shot by Marian Hossa.
12:53 of 3rd period - Shot Misses the Net.
12:55 of 3rd period - Shot by Christian Ehrhoff.
12:55 of 3rd period - Stopped by Jose Theodore without a rebound.
12:56 of 3rd period - Joe Thornton wins face-off versus Jordan Staal in BlackHawks zone.
12:58 of 3rd period - Icing by Tyler Kennedy.
12:59 of 3rd period - Jordan Staal wins face-off versus Joe Thornton in BlackHawks zone.
13:04 of 3rd period - Shot by Jordan Staal.
13:04 of 3rd period - Shot Blocked by Joe Thornton.
13:08 of 3rd period - Shot by Jordan Staal.
13:08 of 3rd period - Stopped by Jose Theodore without a rebound.
13:09 of 3rd period - Ryan Carter wins face-off versus Sean Avery in BlackHawks zone.
13:29 of 3rd period - Icing by Jay Bouwmeester.
13:30 of 3rd period - Joe Thornton wins face-off versus Ryan Carter in Sabres zone.
13:47 of 3rd period - Shot by Joe Thornton.
13:47 of 3rd period - Shot Misses the Net.
13:49 of 3rd period - Shot by Joe Thornton.
13:49 of 3rd period - Shot Misses the Net.
13:56 of 3rd period - Tyler Kennedy is hit by Jay Bouwmeester and loses puck.
13:57 of 3rd period - Minor Penalty to Jeff Schultz for Cross-checking.
13:58 of 3rd period - Henrik Zetterberg wins face-off versus Bryan Little in Sabres zone.
13:58 of 3rd period - Henrik Zetterberg is hit by Bryan Little.
14:18 of 3rd period - Shot by Chris Campoli.
14:18 of 3rd period - Stopped by Devan Dubnyk with a rebound.
14:25 of 3rd period - Minor Penalty to Mathieu Darche for Holding.
14:26 of 3rd period - Joe Thornton wins face-off versus Henrik Zetterberg in BlackHawks zone.
14:26 of 3rd period - Joe Thornton is hit by Henrik Zetterberg.
15:00 of 3rd period - Shot by Henrik Zetterberg.
15:00 of 3rd period - Stopped by Jose Theodore without a rebound.
15:01 of 3rd period - Bryan Little wins face-off versus Mike Richards in BlackHawks zone.
15:21 of 3rd period - Icing by Ron Hainsey.
15:22 of 3rd period - Mike Richards wins face-off versus Bryan Little in BlackHawks zone.
15:51 of 3rd period - Tuomo Ruutu is hit by Tyler Kennedy and loses puck.
16:02 of 3rd period - Shot by Christian Ehrhoff.
16:02 of 3rd period - Stopped by Jose Theodore without a rebound.
16:03 of 3rd period - Joe Thornton wins face-off versus Mike Richards in BlackHawks zone.
16:03 of 3rd period - Joe Thornton is hit by Mike Richards.
16:31 of 3rd period - Shot by Dan Cleary.
16:31 of 3rd period - Shot Misses the Net.
16:57 of 3rd period - Shot by Dan Cleary.
16:57 of 3rd period - Stopped by Jose Theodore without a rebound.
16:58 of 3rd period - Jordan Staal wins face-off versus Joe Thornton in BlackHawks zone.
17:01 of 3rd period - Shot by Henrik Zetterberg.
17:01 of 3rd period - Shot Misses the Net.
17:17 of 3rd period - Shot by Henrik Zetterberg.
17:17 of 3rd period - Shot Misses the Net.
17:19 of 3rd period - Shot by Henrik Zetterberg.
17:19 of 3rd period - Stopped by Jose Theodore without a rebound.
17:20 of 3rd period - Jay McClement wins face-off versus Henrik Zetterberg in BlackHawks zone.
17:53 of 3rd period - Shot by Mike Richards.
17:53 of 3rd period - Deflect By Henrik Zetterberg.
17:53 of 3rd period - Shot Blocked by Sean Avery.
18:00 of 3rd period - Icing by Mark Eaton.
18:01 of 3rd period - David Legwand wins face-off versus Sean Avery in BlackHawks zone.
18:16 of 3rd period - Shot by Mike Knuble.
18:16 of 3rd period - Stopped by Jose Theodore without a rebound.
18:17 of 3rd period - Tuomo Ruutu wins face-off versus Samuel Pahlsson in BlackHawks zone.
18:33 of 3rd period - Icing by Marian Hossa.
18:34 of 3rd period - Bryan Little wins face-off versus Jordan Staal in Sabres zone.
18:35 of 3rd period - Shot by Mats Zuccarello.
18:35 of 3rd period - Shot Misses the Net.
18:37 of 3rd period - Shot by Bryan Little.
18:37 of 3rd period - Stopped by Devan Dubnyk without a rebound.
18:38 of 3rd period - Joe Thornton wins face-off versus David Legwand in Sabres zone.
18:45 of 3rd period - Minor Penalty to Tyler Kennedy for Roughing.
18:46 of 3rd period - Jordan Staal wins face-off versus Darren Helm in BlackHawks zone.
19:04 of 3rd period - Sabres, Devan Dubnyk is pulled from the net.
19:04 of 3rd period - Shot by Tyler Myers.
19:04 of 3rd period - Deflect By Tuomo Ruutu.
19:04 of 3rd period - Shot Misses the Net.
19:06 of 3rd period - Shot by Jordan Staal.
19:06 of 3rd period - Shot Misses the Net.
19:08 of 3rd period - Shot by Jay Bouwmeester.
19:08 of 3rd period - Stopped by Jose Theodore without a rebound.
19:09 of 3rd period - Marian Hossa wins face-off versus Jay McClement in BlackHawks zone.
19:24 of 3rd period - Shot by Marian Hossa.
19:24 of 3rd period - Shot Misses the Net.
19:28 of 3rd period - Shot by Marian Hossa.
19:28 of 3rd period - Deflect By Henrik Zetterberg.
19:28 of 3rd period - Shot Misses the Net.


Output by the SimonT Hockey Simulator (STHS) for Stephane Roy -- Original Page W3C XHTML 1.0 Valid